Ptargh, chaotic female orcish Barbarian ^ -----|--- |.......| |.......| |.......| |......).###### |.......| # ---------- --.------ ###|........| # [-......(..############## ### |....[..\| # # # |........| ########### # .........| # -----.-- # / ---------- ##.......| --.----- : # |*.....| |.......#vo#)# -------.--- |......| |......| [ |..........# -+------ |....>.+###*##*..........| ^ -------- ----------- Ptargh the Bandit Experience level: 9 Strength: 18 Dexterity: 18 Constitution: 18 Intelligence: 8 Wisdom: 3 Charisma: 6 Health: 0(87) Energy: 11(11) Def: 16 Gold: 101 Moves: 19329 Dungeon seed: mHBDgfkaJbrXI19Y Game ID: Ptargh_1567723880 Your Inventory: Armor h - a blessed thoroughly rusty +3 orcish helm (being worn) n - a blessed +2 orcish cloak (being worn) r - an uncursed +0 pair of leather gloves (being worn) u - an uncursed +2 dwarvish mithril-coat (being worn) z - an uncursed +0 pair of high boots (being worn) Weapons a - a cursed -1 katana (weapon in hand) b - a blessed +1 elven dagger named +1 . x - an uncursed +0 elven dagger named +0 a B - an uncursed +0 orcish dagger named +0 a Wands F - an uncursed wand of striking named ziz (0:0) J - an uncursed wand of teleportation named zvi (0:0) K - an uncursed wand of cold named zii (0:3) L - an uncursed wand of speed monster (0:8) Comestibles N - 3 uncursed fortune cookies S - an uncursed apple U - an uncursed lizard corpse Tools e - an uncursed brass lantern named . (0:181) j - an uncursed skeleton key l - an uncursed leash named . m - an uncursed mirror o - an uncursed oilskin sack named X p - an uncursed blindfold named . v - an uncursed magic whistle P - an uncursed leash Coins $ - 101 gold pieces Contents of the oilskin sack named X: a cursed -1 ring of increase accuracy named c an uncursed ring of levitation named . a cursed -1 ring of protection named c an uncursed +1 orcish cloak the uncursed +0 Sunsword an uncursed +1 arrow 31 cursed -1 arrows 3 uncursed +0 crossbow bolts a cursed -3 dagger named 0 c a cursed +0 orcish dagger named c a blessed +2 two-handed sword named +2 an uncursed potion of object detection a blessed scroll of blank paper 4 uncursed food rations an uncursed partly eaten food ration named r an uncursed leash named . an uncursed amethyst stone 4 uncursed worthless pieces of red glass named !maps an uncursed worthless piece of red glass named <. 4> 8< 14^ 17| 23H an uncursed worthless piece of red glass named <>. 5 .. 7@ 8 .. 11|12 an uncursed worthless piece of white glass named !features an uncursed worthless piece of white glass named <# 3 an uncursed worthless piece of white glass named <$ 1 4 5 8 10 13 15 16 an uncursed worthless piece of white glass named <( 11 18 an uncursed worthless piece of white glass named <>( 7 an uncursed worthless piece of white glass named <@ 4% an uncursed worthless piece of white glass named <^polly d10 by upstair? an uncursed worthless piece of yellowish brown glass named !notes an uncursed worthless piece of yellowish brown glass named /2 +(t) _ brass _ _ an uncursed worthless piece of yellowish brown glass named /3 i(f) iridium _ tin short an uncursed worthless piece of yellowish brown glass named ?10 ZELGO MER fear an uncursed worthless piece of yellowish brown glass named \!20 UK:enl,pol,spd/mag,brn an uncursed worthless piece of yellowish brown glass named d16 \ HP(T),/iridium(zi) 551 gold pieces Spells and supernatural/magical abilities: Name Level Category Fail Memory W - pray for help -- divine ? -- Your skills at the end: Fighting Skills bare handed combat [Basic] Weapon Skills dagger [Basic] axe [Basic] short sword [Basic] long sword [Basic] two-handed sword [Expert] Spellcasting Skills Final Attributes: You were piously aligned. You were cold resistant. You were poison resistant. You were hallucinating. You were telepathic. You had infravision. You were fast. You are dead. Vanquished creatures: a nurse a vampire a ghost a watch captain a winged gargoyle a zruty 2 large mimics a baby purple worm 2 stalkers an earth elemental a hill giant 5 small mimics 2 xans an ettin mummy a quantum mechanic 5 trolls a gelatinous cube a pyrolisk 2 freezing spheres 2 flaming spheres a shocking sphere a large cat a tiger a gargoyle 3 dwarf kings 6 tengu an ochre jelly 3 leocrottas a mountain centaur an elf mummy a cobra 3 wraiths a carnivorous ape a leather golem 4 watchmen 2 crocodiles a cockatrice 3 wolves 4 winter wolf cubs a lynx a panther 3 leprechauns 2 orc-captains 3 iron piercers 2 giant spiders 2 scorpions 3 horses 3 forest centaurs 5 gnome kings a dwarf mummy an ogre a rust monster 2 owlbears 2 yetis a werewolf 4 lizards a housecat a jaguar 4 dwarf lords a white unicorn a dust vortex a raven 8 plains centaurs 2 snakes 16 apes a human zombie 2 Woodland-elves 5 soldier ants 7 fire ants 22 bugbears 2 wood nymphs a water nymph 6 Uruk-hai 2 orc shamans 3 ponies a fog cloud 3 yellow lights a violet fungus 14 gnome lords 5 gnomish wizards a red naga hatchling a guardian naga hatchling a gray ooze 3 barrow wights 3 elf zombies 3 paper golems a baby crocodile 4 giant ants 3 little dogs 4 floating eyes 15 dwarves 2 homunculi 2 kobold shamans 12 hill orcs 4 rothes 2 monkeys 4 orc zombies 6 dwarf zombies 2 wererats 2 werejackals 4 iguanas 23 killer bees 2 acid blobs a coyote a gas spore 2 hobbits 4 manes a large kobold 30 hobgoblins 6 cave spiders 3 brown molds a yellow mold 58 gnomes 6 garter snakes a gecko 13 jackals 2 foxes 4 kobolds 10 goblins 3 sewer rats 3 grid bugs 3 bats 6 lichens 4 kobold zombies 7 newts and a partridge in a pear tree 492 creatures vanquished. Voluntary challenges: You were an atheist. You used a wielded weapon 793 times, starting on turn 4. You read items or engraved 16 times, starting on turn 726. You never genocided any monsters. You never polymorphed an object. You changed form 1 time, starting on turn 17900. You used no wishes. You never split a pudding. You never wrote Elbereth's name. You violated your moral code, losing 228 points of alignment, starting on turn 2160. You abstained from Elbereth's help. You werepermanently hallucinating. Dungeon overview: The Dungeons of Doom: levels 1 to 23 Level 1 a fountain a long staircase Level 2 a fountain Level 3 an altar to Set, a sink Level 4 a delicatessen, a fountain stairs to The Gnomish Mines Level 5 Level 6 a fountain Level 7 many fountains Level 8 a fountain a long staircase Level 9 Level 10 Level 11 a throne Level 12 a fountain Level 13 Level 14 Level 15 Level 16 a throne Level 17 Level 18 <- You were here a throne Level 19 a fountain Level 20 a temple to Set, a fountain Level 21 Level 22 Level 23 The Gnomish Mines: levels 5 to 12 Level 5 stairs to The Dungeons of Doom Level 6 Level 7 many shops, a temple to Crom, some fountains Level 8 Level 9 Level 10 Level 11 Level 12 History has recorded: On T:1 you entered the Dungeons of Doom to retrieve the Amulet of Yendor! On T:199 you reached level 2 of The Dungeons of Doom. On T:384 you reached level 3 of The Dungeons of Doom. On T:715 you reached level 1 of The Gnomish Mines. On T:728 you advanced to experience level 2. On T:888 you reached level 5 of The Dungeons of Doom. On T:934 you reached level 6 of The Dungeons of Doom. On T:1300 you advanced to experience level 3. On T:2157 you advanced to experience level 4. On T:2607 you advanced to experience level 5. On T:2675 you reached level 2 of The Gnomish Mines. On T:2812 you reached level 3 of The Gnomish Mines. On T:2926 you advanced to experience level 6. On T:3090 you reached level 4 of The Gnomish Mines. On T:3451 you advanced to experience level 7. On T:4070 you advanced to experience level 8. On T:6108 you reached level 5 of The Gnomish Mines. On T:6191 you reached level 6 of The Gnomish Mines. On T:6220 you reached level 7 of The Gnomish Mines. On T:6552 you advanced to experience level 9. On T:6918 you reached level 8 of The Gnomish Mines. On T:8598 you reached level 7 of The Dungeons of Doom. On T:8839 you reached level 8 of The Dungeons of Doom. On T:9021 you reached level 9 of The Dungeons of Doom. On T:9089 you reached level 10 of The Dungeons of Doom. On T:9139 you reached level 11 of The Dungeons of Doom. On T:10710 you reached level 13 of The Dungeons of Doom. On T:11055 you reached level 14 of The Dungeons of Doom. On T:11309 you advanced to experience level 10. On T:11385 you reached level 15 of The Dungeons of Doom. On T:12164 you reached level 17 of The Dungeons of Doom. On T:17706 you reached level 19 of The Dungeons of Doom. On T:17843 you reached level 20 of The Dungeons of Doom. On T:17980 you reached level 21 of The Dungeons of Doom. On T:18049 you reached level 22 of The Dungeons of Doom. On T:18133 you reached level 23 of The Dungeons of Doom. Score breakdown: Gold: 652 ( 9575 points) Experience: 9 levels (15756 points) Exploration: 23 levels ( 50.00%) (20976 points) Discoveries: 31 items ( 12.65%) (10671 points) Valuables value: (no points given unless you survive) Artifact value: 0 ( 0 points) Variety of kills: 125 monsters ( 32.81%) (17183 points) Turncount: 19329 turns (-3352 points) Survival: died (score multiplied by 80%) Total score: 56647 Latest messages: The white dragon moves only reluctantly. The ice devil moves only reluctantly. The killer bee moves only reluctantly. There is a doorway here. There are a few objects here. You take off your blindfold named .. You can see! The master mind flayer wields a scimitar! You hit it. The manes hurls a potion of paralysis! The flask crashes on your head and breaks into shards. Something seems to be holding you. The straw golem hits! The giant ant hits! The large kobold bites! The beholder hits! The tengu hits! The hobgoblin bites! The baby yellow dragon hits! The black light hits! The fire vortex bites! Morgoth hits! You die... Final status: Goodbye Ptargh the Barbarian, killed by a hallucinogen-distorted Olog-hai, while frozen by potion vapours... You died in The Dungeons of Doom on dungeon level 18 with 56647 points, and 652 pieces of gold, after 19329 moves. You were level 9 with a maximum of 87 hit points when you died.